 Dungeon Crawl Stone Soup version 0.28.0 (webtiles) character file.

Game seed: 9855612442053343374

781 growler the Gusty (level 7, -4/36 HPs)
             Began as a Tengu Air Elementalist on Feb 10, 2022.
             Slain by a killer bee (7 damage)
             ... on level 6 of the Dungeon.
             The game lasted 00:13:46 (5422 turns).

growler the Gusty (Tengu Air Elementalist)          Turns: 5422, Time: 00:13:46

Health: -4/36      AC:  2    Str:  9    XL:     7   Next: 85%
Magic:  5/15       EV: 14    Int: 17    God:
Gold:   87         SH:  0    Dex: 14    Spells: 9/15 levels left

rFire   . . .      SeeInvis .   j - +3 dagger (speed)
rCold   . . .      Faith    .   (no shield)
rNeg    . . .      Spirit   .   a - +0 robe
rPois   .          Reflect  .   (helmet restricted)
rElec   .          Harm     .   (no cloak)
rCorr   .          Rampage  .   (no gloves)
Will    .....                   (boots unavailable)
Stlth   ++........              (no amulet)
HPRegen 0.12/turn               (no ring)
MPRegen 0.14/turn               (no ring)

@: flying quickly and evasively, quick
A: beak, talons 3, nimble flight
a: no special abilities


You were on level 6 of the Dungeon.
You visited 1 branch of the dungeon, and saw 7 of its levels.

You collected 87 gold pieces.

Inventory:

Hand Weapons
 j - a +3 dagger of speed (weapon)
   (You took it off a goblin on level 2 of the Dungeon)
Armour
 a - a +0 robe (worn)
Wands
 n - a wand of mindburst (5)
   (You took it off Ijyb on level 3 of the Dungeon)
 x - a wand of acid (10)
   (You found it on level 4 of the Dungeon)
Scrolls
 d - a scroll of magic mapping
 e - a scroll of enchant weapon {unknown}
 f - a scroll of amnesia {unknown}
 h - a scroll of teleportation {@r4}
 i - 3 scrolls of blinking
 l - a scroll of silence {unknown}
 m - a scroll of fog {unknown}
 q - a scroll of enchant armour {unknown}
Potions
 b - a potion of mutation {unknown}
 g - a potion of lignification {!q}
 k - a potion of resistance
 o - a potion of heal wounds {@q2}
 p - 2 potions of curing {@q1}


   Skills:
 - Level 2.1 Dodging
 - Level 2.0 Stealth
 + Level 4.8 Spellcasting
 + Level 6.4 Conjurations
 + Level 7.5 Air Magic


You had 9 spell levels left.
You knew the following spells:

 Your Spells              Type           Power      Damage    Failure   Level
a - Shock                 Conj/Air       100%       1d9       1%          1
d - Static Discharge      Conj/Air       27%        N/A       1%          2
s - Swiftness             Air            29%        N/A       1%          3

Your spell library contained the following spells:

 Spells                   Type           Power      Damage    Failure   Level
 Airstrike                Air            14%        N/A       6%          4
 Animate Skeleton         Necr           8%         N/A       14%         1
 Pain                     Necr           16%        1d4       14%         1
 Vampiric Draining        Necr           4%         2d6       41%         3


Dungeon Overview and Level Annotations

Branches:
Dungeon (7/15)
 Temple: D:4-7

Altars:
Cheibriados
Hepliaklqana

Shops:
D:3 [


Innate Abilities, Weirdness & Mutations

You have a beak for a mouth.
You have claws for feet.
Your magical nature lets you fly swiftly and evasively.


Message History

The hound zombie bites you but does no damage.
The hound zombie is struck by an arc of lightning.
You are struck by an arc of lightning.
The lightning grounds out.
The hound zombie barely misses you. The hound zombie bites you.
The hound zombie is struck by an arc of lightning!
You destroy the hound zombie!
You are struck by an arc of lightning.
You start resting.
A killer bee comes into view. x2
Unknown command.
You hear the slow rusting of a drain nearby.
The killer bee buzzes angrily. x2; You hear an angry buzzing noise.
A killer bee comes into view.
A killer bee comes into view.
The killer bee buzzes angrily.
You hear an angry buzzing noise.
You hear a shout!
The killer bee stings you. x2; The killer bee closely misses you.
The killer bee stings you!
* * * LOW HITPOINT WARNING * * *
You fly downwards.
There is a stone staircase leading up here.
The killer bee is struck by an arc of lightning.
You are struck by an arc of lightning.
* * * LOW HITPOINT WARNING * * *
The killer bee is struck by an arc of lightning!
The lightning grounds out.
The killer bee barely misses you. The killer bee closely misses you.
The killer bee stings you.
* * * LOW HITPOINT WARNING * * *
The killer bee barely misses you.
The killer bee is struck by an arc of lightning.
You are struck by an arc of lightning.
* * * LOW HITPOINT WARNING * * *
The lightning grounds out.
The killer bee stings you.
* * * LOW HITPOINT WARNING * * *
The killer bee closely misses you. The killer bee misses you.
The killer bee barely misses you.
The killer bee is struck by an arc of lightning.
You are struck by an arc of lightning.
* * * LOW HITPOINT WARNING * * *
The killer bee is struck by an arc of lightning.
You kill the killer bee!
The lightning grounds out.
The adder hisses angrily.
The killer bee barely misses you. The killer bee stings you.
* * * LOW HITPOINT WARNING * * *
The killer bee is struck by an arc of lightning!
You are struck by an arc of lightning.
* * * LOW HITPOINT WARNING * * *
The lightning grounds out.
The killer bee stings you!
You die...

######..#..#
#....#.#
#......#
#...#### #...#
#...#
.######...#####
...............
....(..@y......
...............
#####.#...#)##.
#.#...#.#
#.#...# #
#.#...# #..S#
.....


You could see a killer bee and an adder.

Vanquished Creatures
  Sigmund (D:2)
  An ogre (D:6)
  A killer bee (D:6)
  3 wights (D:3)
  A bullfrog zombie (D:6)
  A hound (D:6)
  2 orc priests
  A jelly (D:7)
  Jessica (D:2)
  An orc wizard (D:4)
  Ijyb (D:3)
  A hound zombie (D:5)
  4 adders
  An adder skeleton (D:3)
  3 worms (D:2)
  A dart slug (D:1)
  8 orcs
  6 bats
  11 endoplasms
  2 giant cockroaches (D:2)
  11 goblins
  4 hobgoblins (D:1)
  4 jackals (D:1)
  5 kobolds
  4 quokkas
  5 ball pythons
  A frilled lizard (D:3)
  10 rats
95 creatures vanquished.

Vanquished Creatures (others)
  5 plants (D:4)
5 creatures vanquished.

Grand Total: 100 creatures vanquished

Notes
Turn   | Place    | Note
-------+----------+-------------------------------------------
     0 | D:1      | growler the Tengu Air Elementalist began the quest for the
                  | Orb.
     0 | D:1      | Reached XP level 1. HP: 10/10 MP: 4/4
   206 | D:1      | Reached XP level 2. HP: 15/15 MP: 0/6
   309 | D:1      | Found a faded altar of an unknown god.
   373 | D:1      | Learned a level 2 spell: Static Discharge
   768 | D:1      | Reached XP level 3. HP: 19/19 MP: 2/7
  1965 | D:2      | Noticed Jessica
  1968 | D:2      | Killed Jessica
  1969 | D:2      | Reached skill level 5 in Air Magic
  1969 | D:2      | Reached XP level 4. HP: 24/24 MP: 4/9
  2480 | D:2      | Noticed Sigmund
  2547 | D:2      | Gained mutation: Your magical nature lets you fly swiftly
                  | and evasively. [Tengu growth]
  2547 | D:2      | Reached XP level 5. HP: 20/28 MP: 3/10
  2982 | D:2      | Killed Sigmund
  2983 | D:2      | Reached skill level 6 in Air Magic
  2983 | D:2      | Reached XP level 6. HP: 27/32 MP: 5/12
  3239 | D:2      | Learned a level 3 spell: Swiftness
  3318 | D:3      | Reached skill level 5 in Conjurations
  3411 | D:3      | Noticed Ijyb
  3420 | D:3      | Killed Ijyb
  3704 | D:3      | Reached XP level 7. HP: 36/36 MP: 8/14
  3762 | D:3      | Found Cush's Armour Shoppe.
  4262 | D:4      | Found a hazy altar of Hepliaklqana.
  4620 | D:4      | You are sucked into a shaft and drop 3 floors!
  4782 | D:7      | Found a snail-covered altar of Cheibriados.
  4914 | D:6      | Reached skill level 7 in Air Magic
  4916 | D:6      | HP: 1/36 [/static electricity (2)]
  5364 | D:5      | Entered Level 5 of the Dungeon
  5422 | D:6      | Slain by a killer bee

Illustrated notes

Levels and vault maps discovered:
D:1:      dpeg_arrival_snail, layout_basic, shapermc_ecumenical_altar_venn
D:2:      layout_basic, kennysheep_generic_room_4, uniq_sigmund, uniq_jessica
D:3:      layout_basic, serial_shops, shop, uniq_ijyb
D:4:      layout_gridville, mainiacjoe_overflow_chevrons,
          nicolae_overflow_hidden_temple, serial_bayou_ford_a,
          roderic_lattice_a, saegor_snake_ambush, uniq_natasha
D:5:      layout_rooms, trog_butcher_becter, mainiacjoe_overflow_brackets,
          nicolae_ru_sacrificial_ziggurat, mainiacjoe_overflow_alcove_2,
          gup_sewer_entry_pipe, uniq_prince_ribbit1, uniq_eustachio
D:6:      layout_loops_cross, st_stairs_4
D:7:      kb_forest_paths, layout_rooms, mainiacjoe_overflow_24_doors,
          serial_glass, glass_columns_a, glass_columns_b, dk_noncrumbling_3

Skill      XL: |  1  2  3  4  5  6  7 |
---------------+----------------------+-----
Conjurations   | 2 3 4 5 6 |  6.4
Air Magic      | 5 6 7 |  7.5
Spellcasting   | 3 4 |  4.8
Dodging        | |  2.1
Stealth        | |  2.0

Action                   |  1- 3 |  4- 6 |  7- 9 || total
-------------------------+-------+-------+-------++-------
Melee: Unarmed           |    13 |       |       ||    13
       Peck              |     4 |     2 |     3 ||     9
       Kick              |     3 |       |     2 ||     5
       Dagger            |       |     8 |     8 ||    16
 Cast: Shock             |    51 |    47 |    16 ||   114
       Static Discharge  |    19 |    12 |    33 ||    64
  Use: Scroll            |       |       |     7 ||     7
 Stab: Sleeping          |     1 |       |       ||     1
Armor: Robe              |     8 |     1 |     8 ||    17
Dodge: Dodged            |    31 |     9 |    40 ||    80
